 Dungeon Crawl Stone Soup version 0.18.1-48-g4cf74bf (webtiles) character file.

175 sdOOK the Stinger (level 5, 0/43 HPs)
             Began as a Naga Venom Mage on Sept 3, 2016.
             Was an Initiate of Gozag.
             Slain by an adder (4 damage)
             ... on level 4 of the Dungeon.
             The game lasted 00:23:59 (4381 turns).

sdOOK the Stinger (Naga Venom Mage)                 Turns: 4381, Time: 00:23:59

Health: 0/43       AC:  2    Str: 11    XL:     5   Next: 55%
Magic:  4/9        EV: 15    Int: 16    God:    Gozag
Gold:   200        SH:  0    Dex: 11    Spells: 4 memorised, 3 levels left

rFire  . . .     SeeInvis +     v - +0 rapier
rCold  . . .     Gourm    .     q - +0 robe
rNeg   . . .     Faith    .     (no shield)
rPois  +         Spirit   .     (no helmet)
rElec  .         Dismiss  .     (no cloak)
rCorr  .         Reflect  .     (no gloves)
SustAt .         Harm     .     (no barding)
MR     .....                    (no amulet)
Stlth  +++.......               (no ring)
                                d - +5 ring of evasion

@: very slow, not resistant to hostile enchantments, fairly stealthy
A: see invisible, deformed body, poison resistance, slowness 2, slow metabolism
1, spit poison 2, AC +1
a: Spit Poison, Potion Petition, Call Merchant, Bribe Branch, Renounce Religion


You were on level 4 of the Dungeon.
You worshipped Gozag.
Gozag was noncommittal.
You were not hungry.

You visited 1 branch of the dungeon, and saw 4 of its levels.

You collected 260 gold pieces.
You paid 60 gold pieces to Gozag.

Inventory:

Hand Weapons
 e - a +0 club
 i - a +0 dagger
 v - a +0 rapier (weapon)
Missiles
 g - 87 arrows
 m - 20 bolts
Armour
 a - a +0 robe
 q - a +0 robe (worn)
Jewellery
 d - a +5 ring of evasion (left hand)
Scrolls
 n - 3 scrolls of remove curse
Potions
 k - a potion of flight
 l - a potion of cancellation
 t - a potion of beneficial mutation {unknown}
Books
 b - a Young Poisoner's Handbook

   Spells                             Type                      Level
   a - Sting                          Conjuration/Poison           1
   b - Cure Poison                    Poison                       2
   c - Mephitic Cloud                 Conjuration/Poison/Air       3
   d - Olgreb's Toxic Radiance        Poison                       4
   e - Venom Bolt                     Conjuration/Poison           5
 h - a book of Necromancy

   Spells                             Type                      Level
   a - Pain                           Necromancy                   1
   b - Animate Skeleton               Necromancy                   1
   c - Vampiric Draining              Necromancy                   3
   d - Regeneration                   Charms/Necromancy            3
   e - Animate Dead                   Necromancy                   4
   f - Control Undead                 Necromancy                   4
Comestibles
 c - a bread ration
 j - a royal jelly
 u - a meat ration


   Skills:
 + Level 0.6 Fighting
 + Level 0.2 Maces & Flails
 + Level 1.9 Dodging
 + Level 3.8 Stealth
 + Level 3.0 Spellcasting
 + Level 1.6 Conjurations
 + Level 0.6 Air Magic
 + Level 6.7 Poison Magic


You had 3 spell levels left.
You knew the following spells:

 Your Spells              Type           Power        Failure   Level  Hunger
a - Sting                 Conj/Pois      ###.         4%          1    #......
b - Cure Poison           Pois           ###.......   1%          2    ##.....
c - Mephitic Cloud        Conj/Pois/Air  ##......     17%         3    ###....
d - Animate Skeleton      Necr           N/A          21%         1    #......


Dungeon Overview and Level Annotations

Branches:
Dungeon (4/15)
 Temple: D:4-7

Altars:
Elyvilon
Gozag
Ru
Xom

Annotations:
D:4 Eustachio; Joat's ghost, amateur DrCj


Innate Abilities, Weirdness & Mutations

You cannot wear boots.
Your serpentine skin is tough (AC +1).
You have supernaturally acute eyesight.
Armour fits poorly on your strangely shaped body.
Your system is resistant to poisons.
You cover ground very slowly.
You have a slow metabolism.
You can spit poison.


Message History

You see here a shield.
The river rat is engulfed in noxious fumes.
The river rat appears confused.
The adder barely misses you. The adder bites you.
* * * LOW HITPOINT WARNING * * *
The adder bites you.
* * * LOW HITPOINT WARNING * * *
Casting: Mephitic Cloud
Confirm with . or Enter, or press ? or * to list all spells.
Aiming: Sting
Press: ? - help, Shift-Dir - straight line, f - adder
Aim: an adder The sting hits the adder.
The adder is moderately wounded.
The adder barely misses you.
Eustachio gestures wildly while chanting.
Eustachio blinks!
The adder misses you. The adder bites you.
You die...
Your body crumbles into a pile of gold.

*,,..............##.....§......
***........§.....##..........$.
*..r.........####.....§......
*.........b.b.......###......
*............##...##**#......
*.........#####.....,,W......
***####...[....##.....,..###...
*,,,* #.#..###.##........* *...
*,,,**#,#....S@.......,,,* *,$.
*,,,,,,,#......#......,,,* *,,,
*,,,,,,,#......#,.....,,,* *,,,
*,,,,,,,#......#,,...<,,,***,,,
*,,,**,....###.#,*,.#.,,,,,,,,,
*,,,,+.....# #.#,,,,..,,,,,,,,,
*,,,,#....## #..,,,,,.,,,,,,,,,
*,,,,#....***#...,,,,,,,,,,,,,,
*,,,,,*****,,,,,,,,,,,,,,,,,,,,


You could see an adder.

Vanquished Creatures
  An ogre (D:4)
  Jessica (D:3)
  2 adders
  An ooze (D:1)
  2 dart slugs (D:3)
  5 giant geckos
  2 ball pythons
  7 bats
  3 giant cockroaches
  9 goblins
  7 hobgoblins
  3 giant newts
  5 kobolds
  6 rats
54 creatures vanquished.

Notes
Turn   | Place    | Note
--------------------------------------------------------------
     0 | D:1      | sdOOK the Naga Venom Mage began the quest for the Orb.
     0 | D:1      | Reached XP level 1. HP: 15/15 MP: 3/3
   149 | D:1      | Reached XP level 2. HP: 12/22 MP: 0/5
   691 | D:1      | Learned a level 2 spell: Cure Poison
   812 | D:1      | Reached skill level 6 in Poison Magic
  1046 | D:1      | Reached XP level 3. HP: 22/28 MP: 1/6
  1731 | D:2      | Learned a level 3 spell: Mephitic Cloud
  2554 | D:3      | Found a white marble altar of Elyvilon.
  2932 | D:3      | Found a shimmering altar of Xom.
  2934 | D:3      | Reached XP level 4. HP: 36/36 MP: 3/7
  2978 | D:3      | Learned a level 1 spell: Animate Skeleton
  3242 | D:3      | Found an opulent altar of Gozag.
  3246 | D:3      | Became a worshipper of Gozag Ym Sagoz the Greedy
  3491 | D:3      | Noticed Jessica
  3510 | D:3      | Killed Jessica
  3510 | D:3      | Reached skill level 1 in Conjurations
  3774 | D:3      | Found a sacrificial altar of Ru.
  4160 | D:4      | Noticed an ogre
  4167 | D:4      | Killed an ogre
  4167 | D:4      | Reached XP level 5. HP: 43/43 MP: 1/9
  4168 | D:4      | Noticed Joat's ghost (amateur DrCj)
  4349 | D:4      | Noticed Eustachio
  4381 | D:4      | Slain by an adder

Skill      XL: |  1  2  3  4 |
---------------+-------------+-----
Poison Magic   | 6 |  6.7
Conjurations   | 1 |  1.6
Spellcasting   | 3 |  3.0
Fighting       | |  0.6
Maces & Flails | |  0.2
Dodging        | |  1.9
Stealth        | |  3.8
Air Magic      | |  0.6

Action                   |  1- 3 |  4- 6 || total
-------------------------+-------+-------++-------
Melee: Unarmed           |     5 |       ||     5
       Club              |    27 |       ||    27
       Dagger            |    18 |    22 ||    40
       Rapier            |       |    18 ||    18
 Cast: Sting             |    73 |    32 ||   105
       Mephitic Cloud    |    11 |     9 ||    20
  Use: Scroll            |     7 |     4 ||    11
       Potion            |     1 |     4 ||     5
  Eat: Chunk             |     3 |     1 ||     4
       Bread ration      |     1 |     1 ||     2
Armor: Robe              |    11 |    11 ||    22
Dodge: Dodged            |    67 |    78 ||   145
